 Dungeon Crawl Stone Soup version 0.31-a0-190-g4feb4907b2 (webtiles) character file.

Game seed: 11521292710957191493

13 qw the Shooter (level 2, -2/16 HPs)
             Began as a Deep Elf Hunter on June 23, 2023.
             Slain by a jackal (3 damage)
             ... on level 1 of the Dungeon.
             The game lasted 00:00:07 (347 turns).

qw the Shooter (Deep Elf Hunter)                     Turns: 347, Time: 00:00:07

Health: -2/16      AC:  3    Str:  8    XL:     2   Next: 24%
Magic:  4/4        EV: 12    Int: 13    God:
Gold:   23         SH:  0    Dex: 18    Spells: 1/1 levels left

rFire   . . .        a - +0 shortbow
rCold   . . .        (shield currently unavailable)
rNeg    . . .        c - +0 leather armour
rPois   .            (no helmet)
rElec   .            (no cloak)
rCorr   .            (no gloves)
SInv    .            (no boots)
Will    .....        (no amulet)
Stlth   ++           (no ring)
HPRegen 0.22/turn    (no ring)
MPRegen 0.09/turn

%: no passive effects
@: no status effects
A: no striking features
a: no special abilities


You were on level 1 of the Dungeon.
You visited 1 branch of the dungeon, and saw 1 of its levels.

You collected 23 gold pieces.


   Skills:
 - Level 1.5 Fighting
 + Level 6.1 Ranged Weapons
 - Level 2.4 Dodging
 - Level 1.2 Stealth


You had one spell level left.
You didn't know any spells.
Your spell library was empty.

Inventory:

Hand Weapons
 a - a +0 shortbow (weapon)
Armour
 c - a +0 leather armour (worn)
 f - a +0 ring mail
Scrolls
 b - a scroll of butterflies
 g - a scroll of identify {unknown}
 i - a scroll of teleportation {unknown}
Potions
 d - a potion of mutation {unknown}
 e - a potion of enlightenment {unknown}
 h - 2 potions of degeneration {unknown}

Dungeon Overview and Level Annotations

Branches:
Dungeon (1/15)

Altars:


Message History

Enter note:
Enter note: You open the door.
There is an open door here.
You open the door.
There is an open door here.
There is an open door here. 2 jackals come into view.
The jackal barks! x2; You hear a bark!
A jackal comes into view.
Enter note:
Enter note: You shoot an arrow.
The arrow hits the jackal but does no damage.
You shoot an arrow. The arrow closely misses the jackal.
You shoot an arrow. The arrow closely misses the jackal.
The jackal bites you.
You shoot an arrow. The arrow hits the jackal.
The jackal is lightly wounded.
The jackal bites you but does no damage. x2
The jackal completely misses you. The jackal bites you.
You shoot an arrow. The arrow closely misses the jackal.
The jackal bites you. The jackal barely misses you.
You shoot an arrow. The arrow barely misses the jackal.
The jackal barely misses you. The jackal closely misses you.
The jackal barely misses you. The jackal misses you.
You shoot an arrow. The arrow closely misses the jackal.
The jackal barely misses you. The jackal misses you.
The jackal bites you but does no damage.
You shoot an arrow. The arrow hits the jackal.
The jackal is moderately wounded.
The jackal bites you. The jackal closely misses you. The jackal bites you.
You shoot an arrow. The arrow hits the jackal.
The jackal is heavily wounded.
The jackal bites you but does no damage.
The jackal bites you. x3
You shoot an arrow. The arrow hits the jackal.
The jackal is almost dead.
The jackal barely misses you. The jackal misses you. The jackal bites you.
You die...

....# }... ######.#. ...
#........ ..# ####.#### ..#
#.......#.####..## #+#
#)##.##.#..hhh...## #^#
#.#...#.# ##@....#######'####
#..###..# ##......#...........
#..# #..###.......#.##########
#..###....'.......#..#.......#
#.#.....###.......#.#.#######.
#.......# ##......#.##.......#
####.#### ##.>...#.#.###'###.
#.# ##...##.#.#.....#. #.#
##'###.#.#.....#.


You could see 3 jackals.

Vanquished Creatures
  2 ball pythons (D:1)
  An endoplasm (D:1)
  2 giant cockroaches (D:1)
  A goblin (D:1)
  A hobgoblin (D:1)
  2 quokkas (D:1)
  2 bats (D:1)
11 creatures vanquished.

Notes
Turn   | Place    | Note
-------+----------+-------------------------------------------
     0 | D:1      | qw the Deep Elf Hunter began the quest for the Orb.
     0 | D:1      | Reached XP level 1. HP: 12/12 MP: 3/3
     0 | D:1      | 0 ||| qw: Version: 0.3-a-9-g12657ce
     0 | D:1      | 0 ||| qw: Game counter: 4502
     0 | D:1      | 0 ||| qw: Always use a shield: true
     0 | D:1      | 0 ||| qw: God list: Okawaru
     0 | D:1      | 0 ||| qw: Allow faded altars: false
     0 | D:1      | 0 ||| qw: Do Orc after D:15 true
     0 | D:1      | 0 ||| qw: Do second Lair branch before Depths: true
     0 | D:1      | 0 ||| qw: Lair rune preference: random
     0 | D:1      | 0 ||| qw: Plans: Normal
     0 | D:1      | 0 ||| PLANNING D:1-11
   194 | D:1      | Reached XP level 2. HP: 13/16 MP: 4/4
   217 | D:1      | Reached skill level 6 in Ranged Weapons
   346 | D:1      | HP: 2/16 [jackal (3)]
   347 | D:1      | Slain by a jackal

Levels and vault maps discovered:
D:1:      matt_arrival_los_fun, layout_loops_corners,
          hellmonk_ecumenical_altar_run_dry

Skill      XL: |  1  2 |
---------------+-------+-----
Ranged Weapons | 6 |  6.1
Fighting       | |  1.5
Dodging        | |  2.4
Stealth        | |  1.2

Action                     || total
---------------------------++-------
   Fire: Shortbow          ||    33
 Armour: Leather armour    ||     8
  Dodge: Dodged            ||    17

Table legend:
 A = Non-vault XP
 B = Vault XP
 C = Vault XP percentage of total XP
 D = Non-vault monster count
 E = Vault monster count
 F = Vault count percentage of total count
                 A         B        C        D         E       F
            +---------+---------+-------+---------+---------+-------
      Total |      19 |       0 |   0.0 |      11 |       0 |   0.0
            +---------+---------+-------+---------+---------+-------
        D:1 |      19 |       0 |   0.0 |      11 |       0 |   0.0
            +---------+---------+-------+---------+---------+-------
